 Dungeon Crawl Stone Soup version 0.30-a0-358-g0d69a1922f (webtiles) character file.

Game seed: 7804895182295229266

90 pyrow613 the Chopper (level 4, -1/38 HPs)
             Began as a Demigod Fighter on Nov 9, 2022.
             Slain by a gnoll
             ... wielding a +0 spear
              (4 damage)
             ... on level 2 of the Dungeon.
             The game lasted 00:04:29 (1523 turns).

pyrow613 the Chopper (Demigod Fighter)              Turns: 1523, Time: 00:04:30

Health: -1/38      AC:  6    Str: 21    XL:     4   Next: 11%
Magic:  6/6        EV:  6    Int: 10    God:
Gold:   116        SH:  4    Dex: 13    Spells: 3/3 levels left

rFire   . . .      SeeInvis .    p - +0 dagger (speed)
rCold   . . .      Faith    .    c - +0 buckler
rNeg    . . .      Spirit   .    f - +0 scale mail
rPois   .          Reflect  .    (no helmet)
rElec   .          Harm     .    (no cloak)
rCorr   .          Rampage  .    (no gloves)
Will    .....                    (no boots)
Stlth   ..........               (no amulet)
HPRegen 0.26/turn                (no ring)
MPRegen 0.10/turn                (no ring)

@: constricted
A: high MP 1, forlorn, divine attributes
a: no special abilities


You were on level 2 of the Dungeon.
You visited 1 branch of the dungeon, and saw 2 of its levels.

You collected 116 gold pieces.

Inventory:

Hand Weapons
 a - a +0 war axe
 b - a +0 sling
 d - a +3 flail
 p - a +0 dagger of speed (weapon)
Missiles
 n - 5 javelins (quivered)
Armour
 c - a +0 buckler (worn)
 f - a +0 scale mail (worn)
Scrolls
 e - 4 scrolls of identify {unknown}
 g - a scroll of immolation {unknown}
 h - a scroll of poison {unknown}
 i - a scroll of teleportation {unknown}
 j - a scroll of butterflies {unknown}
Potions
 k - a potion of cancellation {unknown}
 l - a potion of magic {unknown}
 o - a potion of heal wounds {unknown}


   Skills:
 + Level 3.4 Fighting
 * Level 3.6 Axes
 - Level 2.6 Armour
 - Level 2.6 Shields


You had 3 spell levels left.
You didn't know any spells.
Your spell library contained the following spells:

 Spells                   Type           Power      Damage    Failure   Level
 Ensorcelled Hibernation  Hex/Ice        0%         N/A       91%         2
 Passwall                 Tmut/Erth      0%         N/A       91%         2
 Swiftness                Air            0%         N/A       99%         3


Dungeon Overview and Level Annotations

Branches:
Dungeon (2/15)


Innate Abilities, Weirdness & Mutations

You have an increased reservoir of magic. (+10% MP)
You shall have no god before yourself.
Your divine heritage dramatically boosts your attributes as you level up.


Message History

The gnoll is heavily wounded.
You hit the gnoll.
The gnoll is severely wounded.
The gnoll hits you with a +0 spear.
You hit the gnoll.
The gnoll is almost dead.
The gnoll hits you with a +0 spear.
You hit the gnoll but do no damage.
The gnoll is almost dead.
The ball python bites you but does no damage.
The ball python grabs you. The ball python constricts you.
The gnoll barely misses you.
You closely miss the gnoll.
The gnoll is almost dead.
The ball python bites you but does no damage.
The ball python constricts you.
You hit the gnoll but do no damage.
The gnoll is almost dead.
The gnoll hits you with a +0 spear! The ball python bites you.
The ball python constricts you.
The ball python's grasp on you weakens, but your attempt to escape fails.
The gnoll hits you but does no damage.
The ball python bites you but does no damage.
The ball python constricts you.
You escape the ball python's grasp.
The ball python attacks as you move away!
The ball python bites you but does no damage.
The ball python barely misses you. The gnoll hits you with a +0 spear.
* * * LOW HITPOINT WARNING * * *
You hit the gnoll but do no damage.
The gnoll is almost dead.
The gnoll hits you but does no damage. You block the ball python's attack. x2
You barely miss the gnoll.
The gnoll is almost dead.
The gnoll hits you with a +0 spear!
* * * LOW HITPOINT WARNING * * *
The ball python bites you but does no damage.
The ball python grabs you. The ball python constricts you.
The gnoll hits you with a +0 spear.
You die...

#.........###.......
.....
#..........##.......#
##....................
#.....................
####.###..#.###.........
..................>.....
##...###..###..........#
#.####..## #.........#
#. #.## #..@....... ..
#.# ##.Sg.#.### #. #.#
#....#.## #. #^#
#####.......#
..#####.###.......##....
............###.#.# .#.:
..#....###### #.### . #
....... ... . ..##...
.###


You could see a gnoll and a ball python.

Vanquished Creatures
  Jessica (D:2)
  2 gnolls (D:2)
  3 dart slugs (D:1)
  3 ball pythons (D:1)
  4 bats
  2 endoplasms (D:1)
  2 giant cockroaches (D:1)
  2 goblins (D:1)
  3 hobgoblins (D:1)
  7 jackals (D:1)
  A quokka (D:1)
  2 frilled lizards (D:1)
  2 kobolds (D:1)
  A rat (D:1)
35 creatures vanquished.

Notes
Turn   | Place    | Note
-------+----------+-------------------------------------------
     0 | D:1      | pyrow613 the Demigod Fighter began the quest for the Orb.
     0 | D:1      | Reached XP level 1. HP: 18/18 MP: 3/3
     0 | D:1      | Noticed an orb of fire
     0 | D:1      | Noticed a large abomination
     3 | D:1      | Noticed a green draconian
     6 | D:1      | Noticed an ice dragon
     7 | D:1      | Noticed a shadow dragon
     8 | D:1      | Noticed an orb of fire
     9 | D:1      | Noticed an orb of fire
    13 | D:1      | Noticed an orb of fire
    15 | D:1      | Noticed a large abomination
    17 | D:1      | Noticed a large abomination
    17 | D:1      | Noticed an orb of fire
    19 | D:1      | Noticed a tentacled monstrosity
    19 | D:1      | Noticed a black draconian
   117 | D:1      | Reached XP level 2. HP: 12/25 MP: 4/4
   848 | D:1      | Reached XP level 3. HP: 26/31 MP: 5/5
  1250 | D:2      | Noticed Jessica
  1261 | D:2      | Killed Jessica
  1341 | D:2      | Reached XP level 4. HP: 18/38 MP: 6/6
  1523 | D:2      | Slain by a gnoll

Illustrated notes

Levels and vault maps discovered:
D:1:      shiori_arrival_whats_in_store_for_you, layout_loops_corners
D:2:      layout_rooms, chequers_ecumenical_altar_simple_redux, uniq_jessica,
          uniq_crazy_yiuf_cottage

Skill      XL: |  1  2  3 |
---------------+----------+-----
Axes           | 2 3 |  3.6
Fighting       | 3 |  3.4
Armour         | |  2.6
Shields        | |  2.6

Action                   |  1- 3 |  4- 6 || total
-------------------------+-------+-------++-------
Melee: War axe           |    34 |       ||    34
       Dagger            |    94 |    26 ||   120
       Short sword       |    74 |       ||    74
Throw: Throwing net      |     1 |       ||     1
  Use: Potion            |     1 |       ||     1
Armor: Scale mail        |    82 |    14 ||    96
Dodge: Dodged            |    88 |    12 ||   100
Block: Buckler           |    57 |     4 ||    61

Table legend: (Time is in decaauts)
 A = Elapsed time spent in this place.
 B = Non-inter-level travel time spent in this place.
 C = Inter-level travel time spent in this place.
 D = Time resting spent in this place.
 E = Time spent auto-exploring this place.
 F = Levels seen in this place.
 G = Mean time per level.
                   A        B        C        D        E       F      G
               +--------+--------+--------+--------+--------+-----+--------+
         Total |   1527 |   1515 |     12 |      0 |   1106 |   2 |  763.5 |
       Dungeon |   1527 |   1515 |     12 |      0 |   1106 |   2 |  763.5 |
               +--------+--------+--------+--------+--------+-----+--------+

Top non-repeatable levels by time:
     D:1: 1269 daAuts
     D:2: 257 daAuts
